 Dungeon Crawl Stone Soup version 0.30-a0-34-gbe8da3892a (webtiles) character file.

Game seed: 9435696911793498186

103 ytrimaz the Insei (level 4, -4/28 HPs)
             Began as an Octopode Transmuter on Aug 27, 2022.
             Slain by a gnoll
             ... wielding a +0 halberd
              (7 damage)
             ... on level 3 of the Dungeon.
             The game lasted 00:02:24 (3507 turns).

ytrimaz the Insei (Octopode Transmuter)             Turns: 3507, Time: 00:02:24

Health: -4/28      AC:  2    Str:  9    XL:     4   Next: 79%
Magic:  6/8        EV: 19    Int: 17    God:
Gold:   149        SH:  0    Dex: 17    Spells: 3/9 levels left

rFire   . . .      SeeInvis .      - Unarmed
rCold   . . .      Faith    .    (shield currently unavailable)
rNeg    . . .      Spirit   .    (helmet currently unavailable)
rPois   x          Reflect  .    c - amulet of magic regeneration
rElec   .          Harm     .    (no ring)
rCorr   .          Rampage  .    (no ring)
Will    .....                    (no ring)
Stlth   ++........               (no ring)
HPRegen 0.09/turn                (no ring)
MPRegen 0.51/turn                (no ring)
                                 (no ring)
                                 (no ring)

@: spider-form (expiring), very slightly contaminated
A: venomous fangs, almost no armour, (amphibious), 8 rings, tiny, (camouflage
1), (gelatinous body 1), (nimble swimmer 1), (tentacles)
a: End Transformation


You were on level 3 of the Dungeon.
You were a venomous arachnid creature.
You visited 1 branch of the dungeon, and saw 3 of its levels.

You collected 149 gold pieces.

Inventory:

Jewellery
 c - an amulet of magic regeneration (around neck)
Scrolls
 d - 2 scrolls of teleportation
 e - a scroll of vulnerability
 h - 2 scrolls of enchant weapon
 j - a scroll of noise {unknown}
Potions
 a - a potion of lignification
 b - 2 potions of curing {unknown}
 f - 2 potions of ambrosia {unknown}
 g - 2 potions of heal wounds
 i - a potion of brilliance {unknown}


   Skills:
 - Level 1.0 Fighting
 - Level 2.0 Dodging
 - Level 3.6 Unarmed Combat
 + Level 3.0 Spellcasting
 + Level 2.9 Transmutations
 * Level 1.8 Poison Magic


You had 3 spell levels left.
You knew the following spells:

 Your Spells              Type           Power      Damage    Failure   Level
a - Beastly Appendage     Tmut           24%        N/A       16%         1
b - Wereblood             Tmut           12%        N/A       21%         2
c - Spider Form           Tmut/Pois      10%        N/A       41%         3

Your spell library contained the following spells:

 Spells                   Type           Power      Damage    Failure   Level
 Ice Form                 Ice/Tmut       7%         N/A       85%         4


Dungeon Overview and Level Annotations

Branches:
Dungeon (3/15)

Altars:


Innate Abilities, Weirdness & Mutations

You are a venomous arachnid creature.
You have poisonous fangs.
You are tiny and dextrous.
Your spellcasting is less reliable in this form.
Your armour is entirely melded.
You are incapable of wielding weapons or throwing items.
You cannot wear most types of armour.
((You are amphibious.))
You can wear up to eight rings at the same time.
((Your skin changes colour to match your surroundings (Stealth+).))
((Your rubbery body absorbs attacks. (AC +1, EV +1)))
((You are camouflaged when in or above water. (Stealth+)))
((You have tentacles for arms and can constrict up to eight enemies at once.))


Message History

One of your tentacles grows a vicious spike.
You see here a +0 short sword.
The helpless dart slug fails to defend itself.
You tentacle-slap the dart slug. You grab the dart slug.
You pierce the dart slug.
The dart slug is almost dead.
You constrict the dart slug.
You kill the dart slug!
Your transformation is almost over.
Your tentacle spike disappears.
A gnoll comes into view. It is wielding a +0 halberd.
The gnoll moves out of view.
A gnoll is nearby!
A gnoll is nearby!
A gnoll comes into view. It is wielding a +0 halberd.
The gnoll shouts! x2
Casting: Beastly Appendage (safe; 5% risk of failure)
Confirm with . or Enter, or press ? or * to list all spells.
The spell is quite dangerous to miscast (21% risk of failure)!
Continue anyway?
You turn into a venomous arachnid creature.
The gnoll shouts!
Unknown command.
Casting: Spider Form (extremely dangerous; 41% risk of failure)
Confirm with . or Enter, or press ? or * to list all spells.
You miscast Wereblood.
You are very lightly contaminated with residual magic.
Nothing appears to happen.
Unknown command.
Your transformation is almost over.
The gnoll misses you. The gnoll hits you with a +0 halberd!
Ouch! That really hurt!
You hit the gnoll.
The gnoll is poisoned.
The gnoll is moderately wounded.
The gnoll hits you from afar with a +0 halberd!
* * * LOW HITPOINT WARNING * * *
The gnoll barely misses you.
You hit the gnoll but do no damage.
The gnoll is heavily wounded.
The gnoll hits you from afar with a +0 halberd!
You die...

#...#.#.#.#.#
###.#.#.#.#.#
..#.#.#.#.#.########
#.#.#.#.#.....)....#
#.#...#.#....#####.#
#.#####......#...#
#............#.#.# .
##########...#.######....
#....).......sggg.....
#.######.##.#####.....
#.#....#.##.# ...
#.#......##.# . #.#
#.....#.# #.# #..##.#.#
####.###..##.#.#
..........##.#.#
.......#.###...#


You could see 3 gnolls.

Vanquished Creatures
  Robin (D:2)
  A gnoll (D:3)
  An adder (D:2)
  A worm (D:2)
  3 dart slugs
  3 ball pythons
  7 bats
  3 endoplasms
  2 giant cockroaches (D:1)
  13 goblins
  6 hobgoblins
  4 jackals (D:1)
  3 quokkas
  4 frilled lizards
  4 kobolds
  4 rats
60 creatures vanquished.

Notes
Turn   | Place    | Note
-------+----------+-------------------------------------------
     0 | D:1      | ytrimaz the Octopode Transmuter began the quest for the
                  | Orb.
     0 | D:1      | Reached XP level 1. HP: 13/13 MP: 3/3
   546 | D:1      | Reached XP level 2. HP: 12/18 MP: 5/5
  1164 | D:1      | Reached XP level 3. HP: 18/23 MP: 6/6
  1167 | D:1      | Learned a level 2 spell: Wereblood
  1171 | D:1      | Learned a level 3 spell: Spider Form
  2060 | D:2      | Noticed Robin
  2076 | D:2      | Reached skill level 1 in Poison Magic
  2080 | D:2      | Reached XP level 4. HP: 24/28 MP: 7/7
  2083 | D:2      | Killed Robin
  3305 | D:3      | Identified the +4 ring mail of the Evil One {rN+}
  3507 | D:3      | Slain by a gnoll

Illustrated notes

Levels and vault maps discovered:
D:1:      sevenhm_arrival_forest_fort_small_5, layout_loops_ring
D:2:      layout_basic, ebering_dispersal_statue_hall, uniq_robin
D:3:      layout_basic

Skill      XL: |  1  2  3  4 |
---------------+-------------+-----
Poison Magic   | 1 |  1.8
Spellcasting   | 3 |  3.0
Fighting       | |  1.0
Dodging        | |  2.0
Unarmed Combat | |  3.6
Transmutations | |  2.9

Action                   |  1- 3 |  4- 6 || total
-------------------------+-------+-------++-------
Melee: Unarmed           |    73 |    46 ||   119
       Constrict         |    24 |    13 ||    37
       Kick              |    17 |    10 ||    27
       Tentacles         |    14 |    13 ||    27
       Punch             |     3 |     1 ||     4
 Cast: Beastly Appendage |    19 |    12 ||    31
       Wereblood         |     1 |       ||     1
       Spider Form       |       |     1 ||     1
  Use: Scroll            |     2 |     6 ||     8
 Stab: Sleeping          |     3 |     2 ||     5
Armor: Skin              |    13 |     5 ||    18
Dodge: Dodged            |    54 |    42 ||    96

Table legend: (Time is in decaauts)
 A = Elapsed time spent in this place.
 B = Non-inter-level travel time spent in this place.
 C = Inter-level travel time spent in this place.
 D = Time resting spent in this place.
 E = Time spent auto-exploring this place.
 F = Levels seen in this place.
 G = Mean time per level.
                   A        B        C        D        E       F      G
               +--------+--------+--------+--------+--------+-----+--------+
         Total |   3498 |   3417 |     81 |    436 |   2524 |   3 | 1166.0 |
       Dungeon |   3498 |   3417 |     81 |    436 |   2524 |   3 | 1166.0 |
               +--------+--------+--------+--------+--------+-----+--------+

Top non-repeatable levels by time:
     D:1: 1959 daAuts
     D:2: 1202 daAuts
     D:3: 337 daAuts
